 Dungeon Crawl Stone Soup version 0.28.0-45-g0d030f2227 (webtiles) character file.

Game seed: 17069098670738659934

6963 Arcadio the Nimble (level 10, -8/106 HPs)
             Began as a Troll Monk on Mar 31, 2022.
             Was a Believer of Uskayaw.
             Mangled by a two-headed ogre
             ... wielding a +0 giant club
              (20 damage)
             ... on level 8 of the Dungeon.
             The game lasted 00:20:21 (6339 turns).

Arcadio the Nimble (Troll Monk)                     Turns: 6339, Time: 00:20:22

Health: -8/106     AC: 10    Str: 25    XL:     10   Next: 81%
Magic:  9/9        EV: 12    Int:  6    God:    Uskayaw [**....]
Gold:   391        SH:  0    Dex: 18    Spells: 9/9 levels left

rFire   + + .      SeeInvis .   d - +10 dark maul {vorpal}
rCold   x . .      Faith    .   (shield currently unavailable)
rNeg    . . .      Spirit   .   r - +0 fire dragon scales
rPois   .          Reflect  .   (helmet restricted)
rElec   .          Harm     .   (no cloak)
rCorr   .          Rampage  .   (gloves unavailable)
Will    .....                   (boots unavailable)
Stlth   ..........              (no amulet)
HPRegen 1.07/turn               h - +6 ring of dexterity
MPRegen 0.11/turn               (no ring)

@: studying Slings
A: large, unfitting armour, claws 3, regeneration 1, shaggy fur 1, tough skin 1
a: Renounce Religion, Stomp, Line Pass


You were on level 8 of the Dungeon.
You worshipped Uskayaw.
Uskayaw was noncommittal.
You visited 2 branches of the dungeon, and saw 9 of its levels.
You also visited: Sewer.

You collected 391 gold pieces.

Inventory:

Hand Weapons
 d - the +10 dark maul (weapon) {vorpal}
   (You took it off a two-headed ogre on level 8 of the Dungeon)

   It inflicts extra damage upon your enemies.
 g - the +12 whip "Geyfuas" {venom, *Slow rF++ Int+4 Stlth+}
   (You found it on level 3 of the Dungeon)

   It poisons the flesh of those it strikes.
   Int:       It affects your intelligence (+4).
   rF:        It greatly protects you from fire.
   *Slow:     It may slow you when you take damage.
   Stlth:     It makes you more stealthy.
Missiles
 e - a throwing net (quivered)
Armour
 a - a +0 robe
 r - +0 fire dragon scales (worn)
Jewellery
 h - a +6 ring of dexterity (left claw)
 q - a ring of flight
Wands
 b - a wand of iceblast (13)
Scrolls
 c - a scroll of amnesia
 i - a scroll of vulnerability {unknown}
 j - 6 scrolls of teleportation {unknown}
 l - a scroll of identify
 n - 2 scrolls of summoning {unknown}
 o - a scroll of enchant armour {unknown}
Potions
 f - a potion of magic
 k - 3 potions of attraction
 m - a potion of might
 p - a potion of haste
 s - a potion of brilliance
 t - a potion of degeneration


   Skills:
 + Level 8.8 Fighting
 + Level 8.1 Maces & Flails
 + Level 8.8 Dodging
 - Level 1.0 Stealth
 - Level 3.0 Unarmed Combat


You had 9 spell levels left.
You didn't know any spells.
Your spell library contained the following spells:

 Spells                   Type           Power      Damage    Failure   Level
 Beastly Appendage        Tmut           0%         N/A       83%         1
 Magic Dart               Conj           0%         1d3       83%         1
 Ensorcelled Hibernation  Hex/Ice        0%         N/A       92%         2
 Passwall                 Tmut/Erth      0%         N/A       92%         2
 Searing Ray              Conj           0%         2d4       92%         2
 Wereblood                Tmut           0%         N/A       92%         2
 Spider Form              Tmut/Pois      0%         N/A       99%         3
 Swiftness                Air            0%         N/A       99%         3
 Fulminant Prism          Conj/Hex       0%         3d6       100%        4
 Summon Ice Beast         Ice/Summ       0%         N/A       100%        4
 Summon Mana Viper        Hex/Summ       0%         N/A       100%        5
 Monstrous Menagerie      Summ           0%         N/A       100%        7


Dungeon Overview and Level Annotations

Branches:
Dungeon (8/15)             Temple (1/1) D:5            Lair (0/6) D:8
  Sewer (visited)

Altars:
Cheibriados
Dithmenos
Elyvilon
Fedhas
Hepliaklqana
Makhleb
Nemelex Xobeh
Okawaru
Qazlal
Ru
Sif Muna
Uskayaw
Vehumet
Xom
Yredelemnul
Zin
The Shining One

Annotations:
D:5 2 transporters, NiggerDarts's ghost, amateur HuFi


Innate Abilities, Weirdness & Mutations

You are too large for most types of armour.
You have claws for hands.
Your natural rate of healing is unusually fast.
You are covered in fur. (AC +1)
You have tough skin. (AC +1)


Message History

You feel yourself slow down.
You start resting.
You feel yourself speed up.
You start resting.
You recover from your berserk rage.
You start resting.
HP restored.
Things that are here:
the +10 dark maul {vorpal}; a +0 giant spiked club
d - the +10 dark maul {vorpal} The +12 whip "Geyfuas" {venom, *Slow rF++ Int+4 Stlth+} stops dripping with poison.
d - the +10 dark maul (weapon)
{vorpal} An orc warrior comes into view.
It is wielding a +0 flail.
The orc warrior shouts!
You hear two shouts!
There is a large open door here.
Things that are here:
a +0 plate armour; a +0 glaive; an orc skeleton The orc warrior misses you.
The orc warrior hits you with a +0 flail.
You bludgeon the orc warrior!!
The orc warrior is almost dead.
The orc warrior closely misses you.
The orc warrior hits you with a +0 flail! x2
You hammer the orc warrior like a gong!!!
You kill the orc warrior!
A two-headed ogre comes into view. It is wielding two +0 giant clubs.
You can now pass through a line of other dancers.
You bludgeon the two-headed ogre!!
The two-headed ogre is moderately wounded.
The two-headed ogre hits you with a +0 giant club!
The two-headed ogre hits you with a +0 giant club!!
The two-headed ogre barely misses you.
The two-headed ogre hits you with a +0 giant club!
* * * LOW HITPOINT WARNING * * *
You barely miss the two-headed ogre.
The two-headed ogre is moderately wounded.
The two-headed ogre hits you with a +0 giant club!!
* * * LOW HITPOINT WARNING * * *
The two-headed ogre hits you with a +0 giant club!!
You die...

########.........#
#......#.........#
#......#.).......#
#......'..<......#
#......#.........#
###########.........#
.......'..#.........##
#O.[..##....##'#..
#@.#..#'....#.<#..
#).#.[##....#..#..
#..#..##....#.##..
#..#..#...###.####
#..#..#...#.......
#..#..#...#.......
...#.)#...#'###...
###################''#.....##....
.................##........#.....


You could see a two-headed ogre.

Vanquished Creatures
  A two-headed ogre (D:8)
  Pikel (D:8)
  An orc knight (D:8)
  An elephant (D:8)
  An unseen horror (D:8)
  A komodo dragon (D:6)
  2 trolls (D:6)
  Prince Ribbit (D:7)
  4 yaks (D:8)
  2 basilisks (D:8)
  2 humans (D:7)
  Menkaure (D:5)
  An ice beast (D:8)
  7 orc warriors
  3 water moccasins
  A necrophage (D:5)
  3 ogres
  A centaur (D:6)
  A phantom (D:5)
  A lemure (D:8)
  A kobold brigand (D:6)
  A bullfrog (D:8)
  2 scorpions
  2 water moccasin zombies
  3 wights (D:8)
  2 bullfrog zombies
  2 centaur zombies
  2 orc priests
  A bullfrog skeleton (D:5)
  A gnoll shaman (D:8)
  2 iguanas
  5 orc wizards
  A killer bee zombie (D:7)
  A hound skeleton (D:4)
  A mummy (D:7)
  7 gnolls
  9 adders
  A howler monkey skeleton (D:4)
  An ufetubus (D:4)
  A worm (D:2)
  A dart slug (D:1)
  23 orcs
  12 ball pythons
  10 bats
  10 endoplasms
  2 giant cockroaches
  8 goblins
  8 hobgoblins
  10 jackals
  13 kobolds
  2 quokkas
  2 frilled lizards
  A quokka skeleton (D:4)
  5 rats
189 creatures vanquished.

Notes
Turn   | Place    | Note
-------+----------+-------------------------------------------
     0 | D:1      | Arcadio the Troll Monk began the quest for the Orb.
     0 | D:1      | Reached XP level 1. HP: 22/22 MP: 0/0
   235 | D:1      | Reached XP level 2. HP: 29/29 MP: 1/1
   758 | D:2      | Reached XP level 3. HP: 37/37 MP: 2/2
  1016 | D:2      | Reached XP level 4. HP: 45/45 MP: 3/3
  1221 | D:3      | Found a glowing drain.
  1300 | Sewer    | Entered a sewer
  1332 | Sewer    | Reached XP level 5. HP: 54/54 MP: 4/4
  1334 | Sewer    | Noticed a water moccasin
  1344 | Sewer    | Killed a water moccasin
  1420 | D:3      | Identified the +12 whip "Geyfuas" {venom, *Slow rF++ Int+4
                  | Stlth+}
  1572 | D:3      | Noticed a phantom
  1616 | D:4      | Noticed an ogre
  1701 | D:4      | Reached XP level 6. HP: 61/62 MP: 5/5
  1769 | D:4      | Reached skill level 1 in Maces & Flails
  2066 | D:4      | Identified the +4 ring mail of the Valley {rElec rF- Int+6
                  | Dex+4}
  2247 | D:5      | Entered Level 5 of the Dungeon
  2326 | D:5      | Noticed an orc warrior
  2329 | D:5      | Reached XP level 7. HP: 70/71 MP: 6/6
  2337 | D:5      | Noticed Menkaure
  2346 | D:5      | Killed Menkaure
  2347 | D:5      | Reached skill level 5 in Fighting
  2347 | D:5      | Reached skill level 5 in Dodging
  2370 | D:5      | Found a transporter.
  2392 | D:5      | Noticed NiggerDarts's ghost (amateur HuFi)
  2393 | D:5      | Found a transporter.
  2584 | D:5      | Reached XP level 8. HP: 81/81 MP: 7/7
  2734 | D:5      | Found a staircase to the Ecumenical Temple.
  2761 | Temple   | Entered the Ecumenical Temple
  2893 | Temple   | Became a worshipper of Uskayaw the Reveller
  2893 | Temple   | Reached * piety under Uskayaw
  3406 | D:6      | Reached ** piety under Uskayaw
  3409 | D:6      | Reached *** piety under Uskayaw
  3612 | D:6      | Noticed a troll
  3616 | D:6      | Killed a troll
  3616 | D:6      | Noticed a troll
  3618 | D:6      | Killed a troll
  3618 | D:6      | Reached **** piety under Uskayaw
  3621 | D:6      | Reached ***** piety under Uskayaw
  3629 | D:6      | Noticed a komodo dragon
  3637 | D:6      | Killed a komodo dragon
  3638 | D:6      | Reached skill level 5 in Maces & Flails
  3638 | D:6      | Reached XP level 9. HP: 57/92 MP: 1/8
  3823 | D:6      | Found a glowing golden altar of the Shining One.
  3823 | D:6      | Found a white marble altar of Elyvilon.
  3824 | D:6      | Found a glowing silver altar of Zin.
  4391 | D:7      | Noticed Prince Ribbit
  4413 | D:7      | Killed Prince Ribbit
  4458 | D:7      | Found a snail-covered altar of Cheibriados.
  4673 | D:7      | Found an iron altar of Okawaru.
  4760 | D:7      | Found a basalt altar of Yredelemnul.
  5292 | D:8      | Found a staircase to the Lair.
  5292 | D:8      | Noticed an elephant
  5482 | D:8      | Killed an elephant
  5483 | D:8      | Reached XP level 10. HP: 84/104 MP: 9/9
  5718 | D:8      | Found a sacrificial altar of Ru.
  5854 | D:8      | Found a stormy altar of Qazlal.
  5858 | D:8      | Noticed Pikel
  5865 | D:8      | Killed Pikel
  6071 | D:8      | Noticed an orc knight
  6140 | D:8      | Killed an orc knight
  6241 | D:8      | Noticed a two-headed ogre
  6257 | D:8      | Killed a two-headed ogre
  6337 | D:8      | Noticed a two-headed ogre
  6339 | D:8      | Mangled by a two-headed ogre

Illustrated notes

Levels and vault maps discovered:
D:1:      saegor_arrival_miasma, layout_basic, hangedman_decor_diamond_cutter,
          minmay_misc_feat_chi, grunt_decor_junction, lemuel_another_geyser
D:2:      layout_rooms, minivault_11
D:3:      layout_rooms, gup_sewer_entry_glass, serial_rivers,
          chequers_serial_rivers_micro_e, chequers_serial_rivers_micro_b,
          chequers_serial_rivers_micro_d, chequers_serial_rivers_room_b,
          minivault_27
D:4:      layout_rooms
D:5:      layout_layer_cave, minmay_temple_entry_butterflies,
          gammafunk_ghost_smash, uniq_menkaure
D:6:      layout_loops_corners, good_gods_mini_temple,
          kennysheep_cross_bottleneck, minmay_manual_maat
D:7:      layout_basic, slow_altar_2, okawaru_humans,
          mainiacjoe_overflow_24_doors, nicolae_ossuary_entry_false_entrances,
          uniq_prince_ribbit1
D:8:      layout_gridville, mainiacjoe_overflow_six_doors_small,
          nicolae_qazlal_scattered_showers, david_lair_generic,
          hangedman_abyss_or_decor_passed, hellmonk_guarded_unrand_dark_maul,
          uniq_pikel
Temple:   nicolae_temple_figure_zero

Skill      XL: |  1  2  3  4  5  6  7  8  9 10 |
---------------+-------------------------------+-----
Fighting       | 3 4 5 6 7 8 |  8.8
Dodging        | 3 4 5 6 7 8 |  8.8
Maces & Flails | 1 3 5 6 8 |  8.1
Stealth        | |  1.0
Unarmed Combat | |  3.0

Action                   |  1- 3 |  4- 6 |  7- 9 | 10-12 || total
-------------------------+-------+-------+-------+-------++-------
Melee: Unarmed           |    80 |    99 |       |       ||   179
       Punch             |       |     3 |     9 |     2 ||    14
       Whip              |       |    33 |   224 |    90 ||   347
       Maul              |       |       |       |     4 ||     4
Invok: Stomp             |       |       |     5 |       ||     5
  Use: Scroll            |     1 |     2 |     4 |     1 ||     8
       Potion            |       |       |       |     2 ||     2
 Stab: Sleeping          |     8 |     4 |       |       ||    12
       Paralysed         |       |       |     1 |     3 ||     4
Armor: Robe              |    24 |    52 |    12 |       ||    88
       Fire dragon scale |       |       |    73 |    24 ||    97
Dodge: Dodged            |    43 |    82 |   119 |    31 ||   275
